 Dungeon Sprint DCSS version 0.21.1-1-g345015f (webtiles) character file.

442 equalderp2856 the Blocker (level 6, -21/62 HPs)
             Began as a Minotaur Fighter on May 30, 2018.
             Was an Initiate of Gozag.
             Demolished by a white ugly thing (22 damage)
             ... in the Dungeon (Sprint IX: "|||||||||||||||||||||||||||||").
             The game lasted 00:01:01 (436 turns).

equalderp2856 the Blocker (Minotaur Fighter)         Turns: 436, Time: 00:01:03

Health: -21/62     AC: 13    Str: 24    XL:     6   Next: 71%
Magic:  5/5        EV:  8    Int:  8    God:    Gozag
Gold:   378        SH: 12    Dex: 11    Spells: 5/5 levels left

rFire    . . .     SeeInvis .   q - +2 scimitar (slice)
rCold    . . .     Gourm    .   c - +0 shield
rNeg     . . .     Faith    .   s - +1 chain mail
rPois    .         Spirit   .   (helmet restricted)
rElec    .         Reflect  .   (no cloak)
rCorr    .         Harm     .   (no gloves)
MR       .....     NoTele   +   r - +0 pair of boots
Stlth    ..........             (no amulet)
HPRegen  0.20/turn              t - +3 ring of strength
MPRegen  0.09/turn              u - +3 ring of intelligence

@: hasted and slowed
A: retaliatory headbutt, horns 2
a: Potion Petition, Call Merchant, Bribe Branch, Renounce Religion


You were in the Dungeon.
You worshipped Gozag.
Gozag was aware of your devotion.
You were not hungry.

You visited 1 branch You collected 378 gold pieces.

Inventory:

Hand Weapons
 a - a +0 long sword
 p - a +1 broad axe of freezing
 q - a +2 scimitar of slicing (weapon)
Armour
 b - a +0 scale mail
 c - a +0 shield (worn)
 r - a +0 pair of boots (worn)
 s - a +1 chain mail (worn)
Jewellery
 t - a +3 ring of strength (left hand)
 u - a +3 ring of intelligence (right hand)
Wands
 o - a wand of iceblast (10)
Scrolls
 k - 2 scrolls of blinking
 m - 3 scrolls of remove curse
 n - 2 scrolls of amnesia
Potions
 d - a potion of might
 e - 5 potions of curing
 g - 3 potions of heal wounds
 i - 4 potions of magic
 j - a potion of berserk rage
 l - a potion of invisibility
Comestibles
 f - a ration


   Skills:
 + Level 8.5 Fighting
 + Level 9.3 Long Blades
 + Level 8.9 Armour
 + Level 3.0 Dodging
 + Level 9.8 Shields


You had 5 spell levels left.
You didn't know any spells.

Dungeon Overview and Level Annotations

Branches:
Dungeon (1/1)

Altars:
Cheibriados
Dithmenos
Elyvilon
Fedhas
Gozag
Hepliaklqana
Kikubaaqudgha
Makhleb
Nemelex Xobeh
Okawaru
Qazlal
Ru
Sif Muna
Trog
Uskayaw
Vehumet
Wu Jian
Xom
Yredelemnul
Zin
The Shining One
Beogh
Jiyva
Lugonu


Innate Abilities, Weirdness & Mutations

You reflexively headbutt those who attack you in melee.
You have a pair of horns on your head.


Message History

You hit the brown ugly thing but do no damage.
You headbutt the brown ugly thing.
The brown ugly thing is lightly wounded.
The brown ugly thing basks in the mutagenic energy from its kin and changes!
You hit the white ugly thing.
The white ugly thing is lightly wounded.
The white ugly thing basks in the mutagenic energy from its kin and changes!
You slash the white ugly thing! You headbutt the white ugly thing!
The white ugly thing is heavily wounded.
The white ugly thing punches you. The white ugly thing freezes you!!
Ouch! That really hurt!
* * * LOW HITPOINT WARNING * * *
You hit the white ugly thing.
You headbutt the white ugly thing, but do no damage.
The white ugly thing is heavily wounded.
The white ugly thing punches you.
* * * LOW HITPOINT WARNING * * *
The white ugly thing freezes you!!
You die...
Your body crumbles into a pile of gold. $$$$$ $ $ $ $$$$$ $ ▓▓▓▓▓▓▓▓▓▓▓▓▓▓▓▓▓▓▓▓▓▓▓▓ .clWWuu@.....)...[.)|..' ▓▓▓▓▓▓▓▓▓▓▓▓▓▓▓▓▓▓▓▓▓▓▓▓

You could see 2 ugly things, a hungry ghost, a basilisk, a wraith and a centaur.

Vanquished Creatures
  A yak (D)
  A sky beast (D)
  A necrophage (D)
  A scorpion (D)
  2 worker ants (D)
  A worm (D)
  2 orcs (D)
  A goblin (D)
  3 hobgoblins (D)
  A bat (D)
  A frilled lizard (D)
  A giant cockroach zombie (D)
16 creatures vanquished.

Notes
Turn   | Place    | Note
-------+----------+-------------------------------------------
     0 | D        | equalderp2856 the Minotaur Fighter began the quest for the Orb.
     0 | D        | Reached XP level 1. HP: 19/19 MP: 0/0
    98 | D        | Noticed a sky beast
    98 | D        | Noticed a scorpion
   106 | D        | Killed a scorpion
   106 | D        | Reached skill level 5 in Fighting
   106 | D        | Reached skill level 5 in Armour
   106 | D        | Reached XP level 2. HP: 29/29 MP: 1/1
   106 | D        | Reached XP level 3. HP: 36/36 MP: 2/2
   121 | D        | Killed a sky beast
   121 | D        | Reached skill level 5 in Long Blades
   121 | D        | Reached skill level 1 in Dodging
   121 | D        | Reached XP level 4. HP: 26/45 MP: 3/3
   121 | D        | Reached XP level 5. HP: 30/51 MP: 4/4
   247 | D        | Found a roughly hewn altar of Beogh.
   247 | D        | Found a snail-covered altar of Cheibriados.
   247 | D        | Found a shadowy altar of Dithmenos.
   247 | D        | Found a white marble altar of Elyvilon.
   247 | D        | Found a blossoming altar of Fedhas.
   247 | D        | Found an opulent altar of Gozag.
   248 | D        | Found a hazy altar of Hepliaklqana.
   249 | D        | Found a viscous altar of Jiyva.
   250 | D        | Found an ancient bone altar of Kikubaaqudgha.
   251 | D        | Found a corrupted altar of Lugonu.
   252 | D        | Found a burning altar of Makhleb.
   253 | D        | Found a sparkling altar of Nemelex Xobeh.
   254 | D        | Found an iron altar of Okawaru.
   255 | D        | Found a stormy altar of Qazlal.
   257 | D        | Became a worshipper of Gozag Ym Sagoz the Greedy
   259 | D        | Found a sacrificial altar of Ru.
   260 | D        | Found a deep blue altar of Sif Muna.
   261 | D        | Found a bloodstained altar of Trog.
   262 | D        | Found a hide-covered altar of Uskayaw.
   263 | D        | Found a radiant altar of Vehumet.
   264 | D        | Found an ornate altar of the Wu Jian Council.
   265 | D        | Found a shimmering altar of Xom.
   266 | D        | Found a basalt altar of Yredelemnul.
   267 | D        | Found a glowing silver altar of Zin.
   268 | D        | Found a glowing golden altar of the Shining One.
   323 | D        | Noticed a yak
   323 | D        | Noticed a necrophage
   332 | D        | Killed a necrophage
   337 | D        | Reached XP level 6. HP: 61/61 MP: 5/5
   341 | D        | Killed a yak
   426 | D        | Noticed a basilisk
   426 | D        | Noticed a hungry ghost
   426 | D        | Noticed a white ugly thing
   426 | D        | Noticed a brown ugly thing
   426 | D        | Noticed a wraith
   436 | D        | HP: 1/62 [white ugly thing (5)]
   436 | D        | Demolished by a white ugly thing

Skill      XL: |  1  2  3  4  5  6 |
---------------+-------------------+-----
Shields        | 6 7 8 9 |  9.8
Fighting       | 5 6 7 8 |  8.5
Armour         | 5 7 8 |  8.9
Long Blades    | 4 5 7 9 |  9.3
Dodging        | 1 2 3 |  3.0

Action                   |  1- 3 |  4- 6 || total
-------------------------+-------+-------++-------
Melee: Long sword        |    35 |     2 ||    37
       Headbutt          |     5 |    10 ||    15
       Scimitar          |       |    33 ||    33
  Use: Potion            |       |     1 ||     1
Armor: Scale mail        |     9 |       ||     9
       Chain mail        |       |     9 ||     9
Dodge: Dodged            |    10 |     4 ||    14
Block: Shield            |    15 |     9 ||    24
       Rpst.: Long sword |     3 |       ||     3
       Scimitar          |       |     1 ||     1
